 Dungeon Crawl Stone Soup version 0.23-a0-445-g768d57b80b (webtiles) character file.

1332 Rrauwl the Gusty (level 8, -8/46 HPs)
             Began as a Tengu Air Elementalist on Nov 17, 2018.
             Was a Follower of Vehumet.
             Mangled by a gnoll
             ... wielding a +0 flail
              (10 damage)
             ... on level 6 of the Dungeon.
             The game lasted 00:23:01 (4800 turns).

Rrauwl the Gusty (Tengu Air Elementalist)           Turns: 4800, Time: 00:23:01

Health: -8/46      AC:  4    Str: 12    XL:     8   Next: 61%
Magic:  1/13       EV: 16    Int: 16    God:    Vehumet [*.....]
Gold:   320        SH:  0    Dex: 15    Spells: 5/12 levels left

rFire    + . .     SeeInvis .   a - +2 short sword (venom)
rCold    + . .     Gourm    .   (no shield)
rNeg     . . .     Faith    .   l - +2 animal skin
rPois    +         Spirit   .   (helmet restricted)
rElec    +         Reflect  .   (no cloak)
rCorr    +         Harm     .   (no gloves)
MR       .....                  (boots unavailable)
Stlth    ++........             o - amulet of regeneration
HPRegen  0.55/turn              (no ring)
MPRegen  0.13/turn              (no ring)

@: lethally poisoned (-8 -> -8), swift, resistant, quick
A: beak, talons 3, mutation resistance 1, strong 1, able to fly 1
a: Fly, Renounce Religion


You were on level 6 of the Dungeon.
You worshipped Vehumet.
Vehumet was aware of your devotion.
You were hungry.

You visited 1 branch of the dungeon, and saw 6 of its levels.

You collected 320 gold pieces.

Inventory:

Hand Weapons
 a - a +2 short sword of venom (weapon)
Armour
 l - a +2 animal skin (worn)
 m - the +5 ring mail of Byreunk {*Slow Int+3 Dex+3}
   (You found it on level 4 of the Dungeon)

   It affects your intelligence (+3).
   It affects your dexterity (+3).
   It may slow you when you take damage.
Jewellery
 o - an amulet of regeneration (around neck)
Scrolls
 b - a scroll of enchant armour
 c - 5 scrolls of fog
 d - 3 scrolls of remove curse
 f - a scroll of magic mapping
 g - a scroll of fear
 i - 2 scrolls of identify
 j - a scroll of teleportation
 p - a scroll of amnesia
Potions
 n - a potion of mutation
Comestibles
 e - 7 rations


   Skills:
 - Level 3.0 Fighting
 - Level 3.0 Armour
 - Level 6.0 Dodging
 - Level 3.0 Stealth
 + Level 2.8 Spellcasting
 - Level 6.0 Conjurations
 + Level 2.8 Charms
 - Level 6.1 Air Magic


You had 5 spell levels left.
You knew the following spells:

 Your Spells              Type           Power        Failure   Level  Hunger
a - Shock                 Conj/Air       ###.         1%          1    #......
b - Swiftness             Chrm/Air       ###.....     4%          2    ##.....
c - Airstrike             Air            ###.......   16%         4    #####..

Your spell library contained the following spells:

 Spells                   Type           Power        Failure   Level  Hunger
 Magic Dart               Conj           ###.         1%          1    #......
 Static Discharge         Conj/Air       ###.....     4%          3    ###....
 Confusing Touch          Hex            #.....       19%         1    #......
 Lightning Bolt           Conj/Air       ###.......   41%         5    ######.
 Confuse                  Hex            #.......     50%         3    ###....
 Gell's Gravitas          Tloc           #.........   50%         3    ###....
 Petrify                  Tmut/Erth      #.......     88%         4    #####..
 Metabolic Englaciation   Hex/Ice        #.........   99%         5    ######.
 Yara's Violent Unravell  Hex/Tmut       #.........   99%         5    ######.


Dungeon Overview and Level Annotations

Branches:
Dungeon (6/15)
 Temple: D:4-7

Altars:
Ashenzari
Cheibriados
Dithmenos
Elyvilon
Qazlal
Ru
Vehumet
Wu Jian
Yredelemnul
The Shining One


Innate Abilities, Weirdness & Mutations

You have a beak for a mouth.
You have claws for feet.
You can fly.
You are somewhat resistant to further mutation.
Your muscles are strong. (Str +2)


Message History

You feel sick. The crimson imp closely misses you.
Unknown command.
Unknown command.
You hit the crimson imp.
The crimson imp is poisoned.
You peck the crimson imp.
The crimson imp is heavily wounded.
The crimson imp completely misses you.
Unknown command.
Unknown command.
You hit the crimson imp.
You kill the crimson imp!
Vehumet accepts your kill.
Training target 3.0 for Fighting reached!
Your Fighting skill increases to level 3!
The gnoll barely misses you.
Unknown command.
Unknown command.
You hit the gnoll. Your kick misses the gnoll.
The gnoll is moderately wounded.
You feel sick. The gnoll hits you with a +0 flail!
You die...

..# ..# ..## ...###
#####.#.... #.
#.@.#...##### .###.
#.)g........ .....
####%)..#.#.......#...
#⌠..#'##.⌠#.......#...
#.........#.......#...
.###...$...#.###..##....
...#....................
...'..._)..'............
..#.......#...#....#...


You could see a gnoll.

Vanquished Creatures
  Menkaure (D:4)
  Edmund (D:5)
  Duvessa (D:4)
  A phantom (D:5)
  A sky beast (D:6)
  A gnoll sergeant (D:6)
  Dowan (D:4)
  4 scorpions
  A howler monkey (D:5)
  3 crimson imps
  A bullfrog zombie (D:6)
  A bullfrog skeleton (D:4)
  A centaur zombie (D:5)
  4 worker ants
  Robin (D:3)
  2 gnolls (D:6)
  5 adders
  An ooze (D:5)
  3 worms
  4 leopard geckos
  4 orcs
  3 ball pythons
  8 bats
  3 giant cockroaches
  12 goblins
  9 hobgoblins
  8 jackals
  A quokka (D:6)
  4 frilled lizards
  5 kobolds
  A leopard gecko skeleton (D:6)
  A leopard gecko zombie (D:5)
  A quokka skeleton (D:4)
  3 rats
101 creatures vanquished.

Notes
Turn   | Place    | Note
-------+----------+-------------------------------------------
     0 | D:1      | Rrauwl the Tengu Air Elementalist began the quest for the
                  | Orb.
     0 | D:1      | Reached XP level 1. HP: 10/10 MP: 4/4
   368 | D:1      | Reached XP level 2. HP: 16/16 MP: 4/6
   483 | D:1      | Reached skill level 1 in Fighting
   730 | D:1      | Learned a level 2 spell: Swiftness
   743 | D:1      | Reached XP level 3. HP: 20/20 MP: 7/7
  1538 | D:2      | Reached XP level 4. HP: 23/26 MP: 6/8
  1749 | D:3      | Gained mutation: You are partially covered in icy blue
                  | scales. (AC +2) [potion of mutation]
  1749 | D:3      | Gained mutation: You tend to lose your temper in combat.
                  | [potion of mutation]
  1749 | D:3      | Gained mutation: Your magical capacity is low. (-10% MP)
                  | [potion of mutation]
  1749 | D:3      | Gained mutation: Your mind is acute. (Int +2) [potion of
                  | mutation]
  1800 | D:3      | Noticed Robin
  1872 | D:3      | Reached skill level 1 in Charms
  1881 | D:3      | Killed Robin
  1945 | D:3      | Found a sacrificial altar of Ru.
  1956 | D:3      | Gained mutation: You can fly. [Tengu growth]
  1956 | D:3      | Reached XP level 5. HP: 28/30 MP: 1/8
  2181 | D:3      | You fall through a shaft for 2 floors!
  2181 | D:5      | Entered Level 5 of the Dungeon
  2204 | D:5      | Found an ornate altar of the Wu Jian Council.
  2207 | D:5      | Found a radiant altar of Vehumet.
  2210 | D:5      | Found a stormy altar of Qazlal.
  2216 | D:5      | Became a worshipper of Vehumet
  2295 | D:5      | Noticed a phantom
  2455 | D:4      | Found a white marble altar of Elyvilon.
  2508 | D:4      | Got a pitted ring mail
  2524 | D:4      | Identified the +5 ring mail of Byreunk {*Slow Int+3 Dex+3}
                  | (You found it on level 4 of the Dungeon)
  2551 | D:4      | Noticed Menkaure
  2584 | D:4      | Lost mutation: You are partially covered in icy blue
                  | scales. (AC +2) [potion of mutation]
  2584 | D:4      | Lost mutation: Your magical capacity is low. (-10% MP)
                  | [potion of mutation]
  2584 | D:4      | Lost mutation: You tend to lose your temper in combat.
                  | [potion of mutation]
  2584 | D:4      | Gained mutation: Your muscles are strong. (Str +2) [potion
                  | of mutation]
  2584 | D:4      | Lost mutation: Your mind is acute. (Int +2) [potion of
                  | mutation]
  2584 | D:4      | Gained mutation: You are somewhat resistant to further
                  | mutation. [potion of mutation]
  2603 | D:4      | Found a shadowy altar of Dithmenos.
  2731 | D:4      | Found a snail-covered altar of Cheibriados.
  2846 | D:4      | Noticed Duvessa
  2846 | D:4      | Noticed Dowan
  2871 | D:4      | Killed Duvessa
  2871 | D:4      | Reached XP level 6. HP: 25/35 MP: 3/10
  2877 | D:4      | Killed Dowan
  3213 | D:4      | Learned a level 4 spell: Airstrike
  3246 | D:4      | Killed Menkaure
  3246 | D:4      | Reached skill level 5 in Conjurations
  3246 | D:4      | Reached XP level 7. HP: 3/40 MP: 0/11
  3448 | D:4      | Reached skill level 5 in Air Magic
  3676 | D:5      | Reached skill level 5 in Dodging
  3772 | D:5      | Reached skill level 1 in Armour
  3808 | D:5      | Found a basalt altar of Yredelemnul.
  3810 | D:5      | Noticed a profane servitor
  3817 | D:5      | Found a glowing golden altar of the Shining One.
  3819 | D:5      | Noticed an angel
  4378 | D:5      | Reached XP level 8. HP: 37/44 MP: 10/12
  4528 | D:6      | Noticed Edmund
  4551 | D:5      | Killed Edmund
  4755 | D:6      | Found a shattered altar of Ashenzari.
  4773 | D:6      | Reached * piety under Vehumet
  4773 | D:6      | Offered knowledge of Magic Dart by Vehumet.
  4791 | D:6      | HP: 2/45 [gnoll sergeant/+0 trident (4)]
  4797 | D:6      | HP: 1/45 [poisoned by an adder]
  4800 | D:6      | Mangled by a gnoll

Vault maps used:
D:1:      dpeg_arrival_rhombus
D:2:      corexii_corridor_pit
D:3:      nicolae_ru_awakened_eye, uniq_robin
D:4:      marbit_many_paths, nicolae_overflow_crystal_walls,
          lemuel_crystal_altar, uniq_duvessa, uniq_menkaure
D:5:      grunt_temple_overflow_holy_war, grunt_temple_overflow_diamond,
          first_ration
D:6:      evilmike_ruin_ashenzari, kennysheep_mini_moat,
          minmay_temple_entry_large_hall, minmay_puff, uniq_edmund

Skill      XL: |  1  2  3  4  5  6  7  8 |
---------------+-------------------------+-----
Conjurations   | 2 3 4 5 6 |  6.0
Fighting       | 1 2 3 |  3.0
Dodging        | 3 4 5 6 |  6.0
Charms         | 1 2 |  2.8
Air Magic      | 6 |  6.1
Armour         | 2 3 |  3.0
Stealth        | 3 |  3.0
Spellcasting   | |  2.8

Action                   |  1- 3 |  4- 6 |  7- 9 || total
-------------------------+-------+-------+-------++-------
Melee: Unarmed           |     4 |       |       ||     4
       Kick              |    11 |     1 |    32 ||    44
       Spear             |    32 |       |       ||    32
       Peck              |     4 |     8 |    27 ||    39
       Short sword       |     9 |    63 |   111 ||   183
 Cast: Shock             |    34 |    41 |    52 ||   127
       Airstrike         |       |       |     3 ||     3
       Swiftness         |       |       |     1 ||     1
  Use: Potion            |     3 |     7 |     4 ||    14
       Scroll            |       |     7 |     1 ||     8
 Stab: Sleeping          |     1 |     2 |       ||     3
  Eat: Chunk             |     3 |     5 |     3 ||    11
       Ration            |       |       |     1 ||     1
Armor: Robe              |    18 |     2 |       ||    20
       Animal skin       |       |     6 |    18 ||    24
       Skin              |       |    25 |       ||    25
Dodge: Dodged            |    39 |    32 |   102 ||   173

Table legend:
 A = Non-vault XP
 B = Vault XP
 C = Vault XP percentage of total XP
 D = Non-vault monster count
 E = Vault monster count
 F = Vault count percentage of total count
                 A         B        C        D         E       F
            +---------+---------+-------+---------+---------+-------
      Total |    1308 |     595 |  31.3 |      83 |      18 |  17.8
            +---------+---------+-------+---------+---------+-------
        D:1 |      34 |       0 |   0.0 |      20 |       0 |   0.0
        D:2 |      61 |       0 |   0.0 |      18 |       0 |   0.0
        D:3 |      36 |      39 |  52.0 |      12 |      13 |  52.0
        D:4 |      93 |     398 |  81.1 |       4 |       4 |  50.0
        D:5 |     613 |     158 |  20.5 |      14 |       1 |   6.7
        D:6 |     471 |       0 |   0.0 |      15 |       0 |   0.0
            +---------+---------+-------+---------+---------+-------
